[ AOE2 MATCH · #458481036 ]
UnrankedDravidians vs Ethiopians
[ REPLAY ANALYSIS · EXTRACTED FROM THE RECORDED GAME ]
Feudal
—
Castle
—
Imperial
—
| APM avg | 73.5 |
| APM peak | 18 |
| eAPM avg | 49.0 |
| Villagers / military | 5 / 0 |
Focus
⚔️ 0.0% · 🌾 100.0%
Feudal
—
Castle
—
Imperial
—
| APM avg | 57.2 |
| APM peak | 14 |
| eAPM avg | 40.8 |
| Villagers / military | 2 / 0 |
Focus
⚔️ 0.0% · 🌾 100.0%
Feudal
—
Castle
—
Imperial
—
| APM avg | 53.1 |
| APM peak | 13 |
| eAPM avg | 40.8 |
| Villagers / military | 2 / 0 |
Focus
⚔️ 0.0% · 🌾 100.0%
Feudal
—
Castle
—
Imperial
—
| APM avg | 24.5 |
| APM peak | 6 |
| eAPM avg | 24.5 |
| Villagers / military | 0 / 0 |
Feudal
—
Castle
—
Imperial
—
| APM avg | 36.8 |
| APM peak | 9 |
| eAPM avg | 36.8 |
| Villagers / military | 0 / 0 |
Feudal
—
Castle
—
Imperial
—
| APM avg | 16.3 |
| APM peak | 4 |
| eAPM avg | 16.3 |
| Villagers / military | 0 / 0 |
Focus
⚔️ 0.0% · 🌾 100.0%
Feudal
—
Castle
—
Imperial
—
| APM avg | 85.8 |
| APM peak | 21 |
| eAPM avg | 53.1 |
| Villagers / military | 4 / 0 |
Focus
⚔️ 0.0% · 🌾 100.0%
Feudal
—
Castle
—
Imperial
—
| APM avg | 28.6 |
| APM peak | 7 |
| eAPM avg | 28.6 |
| Villagers / military | 0 / 0 |
Match map
Initial resources + every placement click. Lines = walls · curves = elevation contours. ◆ gold · ⬟ stone · ● berries · ✦ relic · ◌ wall gap
Your base
CeramicHunter's base
脱脱迷失's base
让我们说中文's base
Deposit's base
没点一级田's base
LeoABNV's base
四月's base
Smoothed initial terrain · ◌ = detected wall gap · hover for details
Inputs per minute
— 甜肉包 - - CeramicHunter
Build order — 甜肉包
7 actions detected in the replay
| 0:01 | Create | Villager (Male) |
| 0:02 | Build | House |
| 0:03 | Build | House |
| 0:10 | Create | Villager (Male) |
| 0:10 | Create | Villager (Male) |
| 0:10 | Create | Villager (Male) |
| 0:11 | Create | Villager (Male) |
Build order — CeramicHunter
4 actions detected in the replay
| 0:02 | Create | Villager (Male) |
| 0:02 | Create | Villager (Male) |
| 0:04 | Build | House |
| 0:05 | Build | House |
Build order — 脱脱迷失
4 actions detected in the replay
| 0:01 | Create | Villager (Male) |
| 0:01 | Create | Villager (Male) |
| 0:03 | Build | House |
| 0:04 | Build | House |
Build order — 让我们说中文
0 actions detected in the replay
Build order — Deposit
0 actions detected in the replay
Build order — 没点一级田
1 actions detected in the replay
| 0:02 | Research | Loom |
Build order — LeoABNV
6 actions detected in the replay
| 0:01 | Create | Villager (Male) |
| 0:01 | Create | Villager (Male) |
| 0:01 | Create | Villager (Male) |
| 0:02 | Create | Villager (Male) |
| 0:03 | Build | House |
| 0:04 | Build | House |
Build order — 四月
0 actions detected in the replay
Match timeline
| 0:01 | Deposit · resign |
[ AI ANALYSIS · 1 CREDIT ]
What really happened in this match?
Wolo.gg analyzes every decision: build order, eco, micro, common mistakes by bracket. Personalized analysis on WhatsApp or Discord in 30 seconds.
Civ guide
Dravidians
Perfil
Jugador #11315536